 Dungeon Crawl Stone Soup version 0.30-a0-591-g3c58d2bc28 (webtiles) character file.

Game seed: 17596194239630159616

5340 omnomnOMINOUS the Firebug (level 10, 0/71 HPs)
             Began as an Octopode Wanderer on Jan 5, 2023.
             Was a Priest of the Shining One.
             Slain by a death yak (9 damage)
             ... on level 9 of the Dungeon.
             The game lasted 00:28:47 (8680 turns).

omnomnOMINOUS the Firebug (Octopode Wanderer)       Turns: 8680, Time: 00:28:47

Health: 0/71       AC:  1    Str:  9    XL:     10   Next: 65%
Magic:  5/16       EV: 20    Int: 28    God:    the Shining One [***...]
Gold:   165        SH: 11    Dex: 11    Spells: 10/17 levels left

rFire   . . .      SeeInvis +    n - +2 dagger of Flying Woe {protect, Fragile +Blink rElec SInv}
rCold   . . .      Faith    +    B - +0 buckler
rNeg    + . .      Spirit   .    c - +0 hat
rPois   .          Reflect  .    O - amulet of faith
rElec   +          Harm     .    y - +5 ring of evasion
rCorr   .          Rampage  .    A - ring of willpower
Will    +....                    N - +6 ring of intelligence
Stlth   +                        (no ring)
HPRegen 0.31/turn                (no ring)
MPRegen 0.15/turn                (no ring)
                                 (no ring)
                                 (no ring)

@: divinely shielded, about to teleport, glowing
A: almost no armour, amphibious, 8 rings, camouflage 1, gelatinous body 1,
(nimble swimmer 1), tentacles
a: Renounce Religion, Evoke Blink, Divine Shield, Cleansing Flame


You were on level 9 of the Dungeon.
You worshipped the Shining One.
The Shining One was most pleased with you.
You visited 1 branch of the dungeon, and saw 9 of its levels.

You collected 539 gold pieces.
You spent 366 gold pieces at shops.
You donated 8 gold pieces to Zin.

Inventory:

Hand Weapons
 n - the +2 dagger of Flying Woe (weapon) {protect, Fragile +Blink rElec SInv}
   (You found it on level 2 of the Dungeon)

   rElec:     It insulates you from electricity.
   SInv:      It lets you see invisible.
   +Blink:    It lets you blink.
   Fragile:   It will be destroyed if unequipped.
 D - a +5 flail
 G - a +2 whip of venom
 P - a +0 longbow
 Q - a +1 scimitar of flaming
 R - a +3 halberd
Missiles
 E - 2 curare-tipped darts
 I - 2 throwing nets
Armour
 c - a +0 hat (worn)
 o - an orb of mayhem
 B - a +0 buckler (worn)
Magical Staves
 L - a staff of earth
Jewellery
 t - a ring of ice
 y - a +5 ring of evasion (left tentacle)
 A - a ring of willpower (right tentacle)
 N - a +6 ring of intelligence (on tentacle)
 O - an amulet of faith (around mantle)
 S - a ring of ice
 T - a ring of ice
Wands
 s - a wand of flame (36)
 x - a wand of iceblast (28)
 F - a wand of light (12)
 M - a wand of digging (4)
 U - a wand of paralysis (1)
Scrolls
 a - 3 scrolls of blinking
 f - a scroll of enchant weapon
 i - 2 scrolls of noise
 j - a scroll of acquirement {unknown}
 p - a scroll of immolation {unknown}
 q - a scroll of magic mapping
 r - 2 scrolls of amnesia
 z - 2 scrolls of vulnerability {unknown}
 C - a scroll of summoning {unknown}
 K - a scroll of fog {unknown}
Potions
 d - 3 potions of curing
 e - a potion of magic
 h - 3 potions of mutation {unknown}
 k - 2 potions of flight
 l - 2 potions of ambrosia {unknown}
 m - 2 potions of resistance {unknown}
 v - a potion of brilliance {unknown}
 w - 3 potions of might
 H - 6 potions of haste
 J - a potion of cancellation {unknown}


   Skills:
 + Level 7.0 Fighting
 + Level 7.2 Dodging
 - Level 5.0 Shields
 - Level 4.0 Spellcasting
 + Level 6.9 Conjurations
 - Level 2.0 Necromancy
 + Level 7.6 Fire Magic
 - Level 1.0 Invocations


You had 10 spell levels left.
You knew the following spells:

 Your Spells              Type           Power      Damage    Failure   Level
a - Foxfire               Conj/Fire      100%       2x1d9     1%          1
b - Scorch                Fire           96%        2d9       1%          2
c - Sticky Flame          Conj/Fire      46%        2d6       4%          4

Your spell library contained the following spells:

 Spells                   Type           Power      Damage    Failure   Level
 Sublimation of Blood     Necr           16%        N/A       6%          2
 Cigotuvi's Dreadful Rot  Necr/Pois/Air  18%        N/A       11%         2
 Passage of Golubria      Tloc           5%         N/A       67%         4
 Silence                  Hex/Air        2%         N/A       95%         5
 Lehudib's Crystal Spear  Conj/Erth      12%        10d4      100%        8


Dungeon Overview and Level Annotations

Branches:
Dungeon (9/15)             Temple (0/1) D:6            Lair (0/5) D:9
    Orc: D:9-12

Altars:
Cheibriados
Elyvilon
Gozag
Hepliaklqana
Nemelex Xobeh
Okawaru
Ru
Sif Muna
Wu Jian
Xom
Yredelemnul
Zin
The Shining One

Shops:
D:3 :   D:8 ?

Annotations:
D:9 2 transporters, billz999's ghost, novice DjIE


Innate Abilities, Weirdness & Mutations

You cannot wear most types of armour.
You are amphibious.
You can wear up to eight rings at the same time.
Your skin changes colour to match your surroundings (Stealth+).
Your rubbery body absorbs attacks. (AC +1, EV +1)
((You are camouflaged when in or above water. (Stealth+)))
You have tentacles for arms and can constrict up to eight enemies at once.


Message History

Unknown command.
Unknown command.
The foxfire hits the death yak but does no damage.
The death yak is heavily wounded.
You block the death yak's attack. The death yak attacks as you move away!
The death yak gores you!!
* * * LOW HITPOINT WARNING * * *
The death yak bellows!
You feel much better. The death yak gores you!!
* * * LOW HITPOINT WARNING * * *
As you read the scroll of fear, it crumbles to dust.
You assume a fearsome visage.
The yak looks frightened!
The death yak looks frightened! x2
The death yak resists with almost no effort.
The death yak is no longer more vulnerable to fire.
A yak comes into view.
Unknown command.
Blink to where?
Press: ? - help, Dir - move target
Okay, then.
Okay, then.
Unknown command.
Okay, then.
Unknown command.
Aiming: Paralyse
Press: ? - help, Shift-Dir - straight line, f - death yak
Aim: a death yak (haloed, chance to affect: 1%)
Okay, then.
Unknown command.
Okay, then.
Unknown command.
Okay, then.
Unknown command.
Okay, then.
Unknown command.
Okay, then.
Okay, then.
As you read the scroll of teleportation, it crumbles to dust.
You feel strangely unstable. The death yak gores you!
You die...

#######...#.# #.##.
#........# #.### ##.....#.#
#.# ##...##.# #.#
##.#.###.# #.# ##.#..# #.#
#.### ### ##<###.###.#
#.... #.. #.## ##.##.#
##### #.# ##@###.## .# #.#
######Y#v####.# #.#
.....?..Y......# #.#
########Y####### #.#
#####Y######## #)#
#......†Y.Y..#
#.####[######...##.######.#
### #.....)........ #.# #.#
##.## ######.######.. #.#
#.###...#


You could see 3 death yaks and a yak.

Vanquished Creatures
  Erica (D:8)
  A deep elf pyromancer (D:8)
  A kobold demonologist (D:7)
  A troll (D:9)
  A hornet (D:7)
  Prince Ribbit (D:6)
  4 yaks
  2 steam dragons (D:7)
  Menkaure (D:5)
  Edmund (D:5)
  A black bear (D:7)
  2 orc warriors
  An ice beast (D:5)
  A sky beast (D:7)
  An ogre (D:6)
  A centaur (D:8)
  2 kobold brigands
  4 bullfrogs
  A necrophage (D:8)
  4 wights (D:9)
  3 killer bees (D:9)
  5 howler monkeys
  A jelly (D:7)
  5 hounds
  A gnoll bouda (D:6)
  7 orc priests
  3 iguanas
  Ijyb (D:3)
  3 orc wizards
  4 gnolls (D:6)
  4 adders
  A shadow imp (D:5)
  4 white imps
  An ufetubus (D:4)
  2 worms
  A dart slug (D:4)
  34 orcs
  12 ball pythons
  6 bats
  5 endoplasms
  7 giant cockroaches
  12 hobgoblins
  6 jackals
  12 kobolds
  A quokka (D:5)
  6 frilled lizards
  4 goblins
  7 rats
190 creatures vanquished.

Vanquished Creatures (others)
  265 foxfires
  6 plants (D:3)
271 creatures vanquished.

Grand Total: 461 creatures vanquished

Notes
Turn   | Place    | Note
-------+----------+-------------------------------------------
     0 | D:1      | omnomnOMINOUS the Octopode Wanderer began the quest for the
                  | Orb.
     0 | D:1      | omnomnOMINOUS set off with the following items: a +0
                  | dagger, a scroll of fear, a +0 hat; and the following spell
                  | memorised: Foxfire; and the following spells available to
                  | memorise: Scorch, Sublimation of Blood, Cigotuvi's Dreadful
                  | Rot, Sticky Flame.
     0 | D:1      | Reached XP level 1. HP: 13/13 MP: 2/2
     2 | D:1      | Noticed a demigod
     2 | D:1      | Noticed a formicid
     4 | D:1      | Noticed a vine stalker
     6 | D:1      | Noticed a meteoran
     6 | D:1      | Noticed an elf
     8 | D:1      | Noticed a minotaur
     8 | D:1      | Noticed a vampire
    10 | D:1      | Noticed an octopode
    10 | D:1      | Noticed a naga
    12 | D:1      | Noticed a tengu
    12 | D:1      | Noticed a ghoul
    14 | D:1      | Noticed a gargoyle
    14 | D:1      | Noticed a draconian
    16 | D:1      | Noticed a troll
    16 | D:1      | Noticed a felid
    18 | D:1      | Noticed a spriggan
    20 | D:1      | Noticed a merfolk
    20 | D:1      | Noticed an armataur
    22 | D:1      | Noticed a demonspawn
    22 | D:1      | Noticed a human
    24 | D:1      | Noticed a troll
    24 | D:1      | Noticed an ogre
    26 | D:1      | Noticed a minotaur
    26 | D:1      | Noticed a ghoul
   147 | D:1      | Reached XP level 2. HP: 18/18 MP: 3/3
   578 | D:1      | Reached XP level 3. HP: 23/23 MP: 5/5
  1024 | D:2      | Learned a level 2 spell: Scorch
  1050 | D:2      | Reached skill level 1 in Conjurations
  1278 | D:2      | Identified the +2 dagger of Flying Woe {protect, Fragile
                  | +Blink rElec SInv}
  1285 | D:2      | Found a faded altar of an unknown god.
  1308 | D:2      | Prayed at the altar of an unknown god.
  1308 | D:2      | Became a worshipper of Zin the Law-Giver
  1308 | D:2      | Reached * piety under Zin
  1350 | D:2      | Found a glowing golden altar of the Shining One.
  1427 | D:2      | Fell from the grace of Zin
  1427 | D:2      | Became a worshipper of the Shining One
  1657 | D:2      | Reached XP level 4. HP: 29/29 MP: 6/6
  2049 | D:3      | Noticed Ijyb
  2067 | D:3      | Killed Ijyb
  2172 | D:3      | Reached * piety under the Shining One
  2179 | D:3      | Reached XP level 5. HP: 34/34 MP: 2/8
  2194 | D:3      | Learned a level 4 spell: Sticky Flame
  2376 | D:3      | Found Cosoos's Book Emporium.
  2595 | D:3      | Found a hazy altar of Hepliaklqana.
  3142 | D:4      | Reached XP level 6. HP: 41/41 MP: 9/9
  3170 | D:4      | Found an ornate altar of the Wu Jian Council.
  3401 | D:4      | Found a sparkling altar of Nemelex Xobeh.
  3580 | D:4      | Found a white marble altar of Elyvilon.
  3649 | D:4      | Found a basalt altar of Yredelemnul.
  3777 | D:5      | Entered Level 5 of the Dungeon
  3777 | D:5      | Noticed Edmund
  3799 | D:5      | Killed Edmund
  3800 | D:5      | Reached XP level 7. HP: 34/46 MP: 0/11
  3915 | D:5      | Reached skill level 1 in Shields
  4034 | D:5      | Reached ** piety under the Shining One
  4165 | D:5      | Noticed Menkaure
  4172 | D:5      | Killed Menkaure
  4703 | D:5      | Reached XP level 8. HP: 53/53 MP: 9/13
  4846 | D:6      | Found a staircase to the Ecumenical Temple.
  4982 | D:6      | Noticed Prince Ribbit
  4987 | D:6      | Killed Prince Ribbit
  4988 | D:6      | Reached skill level 5 in Fire Magic
  5213 | D:6      | Found a bloodstained altar of Trog.
  5216 | D:6      | Found a shimmering altar of Xom.
  5216 | D:6      | Found a snail-covered altar of Cheibriados.
  5218 | D:6      | Found an opulent altar of Gozag.
  5218 | D:6      | Found a sacrificial altar of Ru.
  5218 | D:6      | Found a shimmering altar of Xom.
  5612 | D:7      | Noticed a kobold demonologist
  5635 | D:7      | Noticed a rust devil
  5639 | D:7      | Killed a kobold demonologist
  5640 | D:7      | Reached skill level 5 in Dodging
  5640 | D:7      | Reached XP level 9. HP: 52/59 MP: 4/15
  5831 | D:7      | Noticed a hornet
  5836 | D:7      | Killed a hornet
  5837 | D:7      | Reached skill level 5 in Fighting
  5865 | D:7      | Found a shimmering blue altar of Sif Muna.
  5895 | D:7      | Reached skill level 5 in Conjurations
  6207 | D:7      | Found an iron altar of Okawaru.
  7377 | D:8      | Reached *** piety under the Shining One
  7385 | D:8      | Noticed a deep elf pyromancer
  7391 | D:8      | Killed a deep elf pyromancer
  7392 | D:8      | Reached skill level 5 in Shields
  7392 | D:8      | Reached XP level 10. HP: 24/68 MP: 6/16
  7536 | D:8      | Found Rata Kun's Magic Scroll Shoppe.
  7539 | D:8      | Bought a scroll of identify for 30 gold pieces
  7539 | D:8      | Bought a scroll of blinking for 112 gold pieces
  7542 | D:8      | Bought a scroll of magic mapping for 112 gold pieces
  7542 | D:8      | Bought a scroll of blinking for 112 gold pieces
  7580 | D:8      | Noticed Erica
  7585 | D:8      | Killed Erica
  7882 | D:9      | Noticed a two-headed ogre
  7882 | D:9      | Noticed a two-headed ogre
  7882 | D:9      | Noticed a two-headed ogre
  7885 | D:9      | Noticed billz999's ghost (novice DjIE)
  7886 | D:9      | Found a transporter.
  7886 | D:9      | Noticed a two-headed ogre
  7888 | D:9      | Noticed a two-headed ogre
  7890 | D:9      | Found a transporter.
  8097 | D:9      | Noticed a death yak
  8097 | D:9      | Noticed a death yak
  8589 | D:9      | Found a staircase to the Lair.
  8673 | D:9      | Noticed a death yak
  8680 | D:9      | Slain by a death yak

Illustrated notes

Levels and vault maps discovered:
D:1:      kb_arrival_jail, layout_loops_ring
D:2:      layout_basic, basic_altar, nicolae_ecumenical_snake_handling
D:3:      layout_basic, nicolae_hepliaklqana_hazy_memory, serial_shops,
          nicolae_shop_trees, minmay_fractal_squares_5, uniq_ijyb
D:4:      layout_rooms, kennysheep_ying_yang, nemelex_xobeh_ov_fountains_minmay,
          mainiacjoe_overflow_tiny_flanked
D:5:      layout_gridville, uniq_menkaure, uniq_edmund
D:6:      layout_rooms, doesnt_xom_only_xom, minmay_temple_entry_statues,
          uniq_prince_ribbit1
D:7:      layout_basic, lemuel_coloured_pillars_altar, general_overflow_altar,
          hangedman_minor_gate_pass
D:8:      layout_rooms, serial_shops, nicolae_shop_behind_doors,
          nicolae_nh_ransacked_shop, uniq_erica
D:9:      layout_loops_ring, dpeg_lair_monsters, gammafunk_ghost_smash

Skill      XL: |  1  2  3  4  5  6  7  8  9 10 |
---------------+-------------------------------+-----
Conjurations   | 1 2 3 4 6 |  6.9
Fighting       | 2 3 4 6 7 |  7.0
Spellcasting   | 2 3 4 |  4.0
Dodging        | 3 4 5 6 7 |  7.2
Fire Magic     | 4 5 6 7 |  7.6
Shields        | 1 3 5 |  5.0
Necromancy     | |  2.0
Invocations    | |  1.0

Action                   |  1- 3 |  4- 6 |  7- 9 | 10-12 || total
-------------------------+-------+-------+-------+-------++-------
Melee: Dagger            |    69 |    89 |    31 |     1 ||   190
       Constrict         |    20 |    27 |    14 |     1 ||    62
       Tentacles         |    10 |    25 |    11 |     1 ||    47
       Punch             |     1 |       |     1 |       ||     2
 Cast: Foxfire           |    12 |    36 |    88 |    18 ||   154
       Scorch            |     7 |     7 |    81 |    46 ||   141
       Sticky Flame      |       |       |       |     1 ||     1
Invok: Divine Shield     |       |       |       |     1 ||     1
Evoke: Wand              |       |       |       |     2 ||     2
  Use: Potion            |       |       |     4 |     3 ||     7
       Scroll            |       |       |     1 |     9 ||    10
 Stab: Sleeping          |     1 |       |       |       ||     1
Armor: Skin              |    11 |    23 |     4 |     3 ||    41
Dodge: Dodged            |    48 |    62 |    62 |    41 ||   213
Block: Buckler           |       |     2 |    15 |    18 ||    35

Table legend: (Time is in decaauts)
 A = Elapsed time spent in this place.
 B = Non-inter-level travel time spent in this place.
 C = Inter-level travel time spent in this place.
 D = Time resting spent in this place.
 E = Time spent auto-exploring this place.
 F = Levels seen in this place.
 G = Mean time per level.
                   A        B        C        D        E       F      G
               +--------+--------+--------+--------+--------+-----+--------+
         Total |   8682 |   8431 |    251 |   1309 |   5798 |   9 |  964.7 |
       Dungeon |   8682 |   8431 |    251 |   1309 |   5798 |   9 |  964.7 |
               +--------+--------+--------+--------+--------+-----+--------+

Top non-repeatable levels by time:
     D:8: 1370 daAuts
     D:7: 1170 daAuts
     D:5: 1060 daAuts
     D:2: 1038 daAuts
     D:1: 1013 daAuts
     D:3: 991 daAuts
     D:4: 732 daAuts
     D:6: 722 daAuts
     D:9: 582 daAuts
